Pip, lawful female human Valkyrie -- ---- ----- .-- --..-- |...----...| |....| ..........| |....--- .........- | - ---......| ........--- .-- ---- -----... |........----........^.....| -.............................<....j..)............- ------- --- ---.......----@d...........!..- -....---- |@............| ...... |...........--- ........- ---........-- ............ ........| -.... ---...-- --..>....| -.? |.. .---...- |. --. .- .... | . . *... . ..--- .. --- .-- --- Pip the Fighter Experience level: 6 Strength: 16 Dexterity: 17 Constitution: 18 Intelligence: 10 Wisdom: 7 Charisma: 9 Health: 0(64) Energy: 17(17) Def: 10 Gold: 1411 Moves: 3728 Dungeon seed: H79APeIDVBg9syIS Game ID: Pip_1512682482 Your Inventory: Coins $ - 1411 gold pieces Amulets O - a blessed amulet of magical breathing Weapons b - an uncursed +0 dagger (weapon in hand) o - 17 uncursed +0 darts (in quiver) F - an uncursed +0 orcish dagger S - 11 cursed -1 darts Armor e - an uncursed +3 small shield (being worn) q - an uncursed +0 orcish helm (being worn) z - a blessed +0 oilskin cloak (being worn) N - an uncursed +0 orcish chain mail (being worn) Comestibles c - 3 uncursed food rations m - an uncursed tripe ration v - an uncursed lembas wafer Scrolls k - a blessed scroll of identify y - an uncursed scroll of light R - an uncursed scroll of teleportation Spellbooks s - an uncursed spellbook of sleep C - an uncursed spellbook of invisibility Potions j - an uncursed potion of monster detection l - an uncursed potion of paralysis w - an uncursed potion of extra healing x - 2 uncursed potions of speed J - a cursed potion of healing K - a blessed potion of extra healing Rings I - an uncursed ring of regeneration (on left hand) Wands u - an uncursed wand of magic missile (0:3) A - an uncursed wand of sleep (0:3) P - an uncursed wand of make invisible (0:7) Tools d - an uncursed oil lamp (0:1440) g - an uncursed towel r - an uncursed skeleton key H - an uncursed oil lamp (0:1107) L - an uncursed oil lamp (0:1190) Q - an uncursed tallow candle (0:200) Spells and supernatural/magical abilities: Spells marked with '*' are forgotten. Spells marked with '!' are maintained. Spells marked with '#' are aliased with 'castalias'. Name Level Category Fail Memory W - pray for help -- divine ? -- Your skills at the end: Fighting Skills wands [Basic] Weapon Skills dagger [Basic] long sword [Basic] Spellcasting Skills Final Attributes: You were immune to cold. You were poison resistant. You were protected from water. You were stealthy. You regenerated. You are dead. Vanquished creatures: a spotted jelly a leprechaun a gnome king a dog a dingo a human zombie a Woodland-elf 3 bugbears 3 Mordor orcs an orc shaman a rock piercer a yellow light a shrieker 3 gnome lords a ghoul a little dog a floating eye a kobold lord a rothe a centipede a giant bat an iguana 3 killer bees an acid blob a coyote 2 hobbits 2 hobgoblins a giant rat a brown mold 2 yellow molds a green mold 9 gnomes 4 garter snakes a gnome zombie 6 geckos 13 jackals a fox a kobold 3 goblins 5 grid bugs 4 lichens a kobold zombie 11 newts 101 creatures vanquished. Voluntary challenges: You used a wielded weapon 147 times, starting on turn 36. You read items or engraved 3 times, starting on turn 1479. You never genocided any monsters. You never polymorphed an object. You never changed form. You used no wishes. You never split a pudding. You wrote Elbereth's name 3 times, starting on turn 1479. You violated your moral code, losing 9 points of alignment, starting on turn 3310. Dungeon overview: The Dungeons of Doom: levels 1 to 7 Level 1 a long staircase Level 2 Level 3 an altar to Tyr, some fountains, a sink Level 4 an altar to Odin, a fountain stairs to The Gnomish Mines Level 5 Level 6 a fountain, a throne Level 7 a fountain The Gnomish Mines: levels 5 to 6 Level 5 stairs to The Dungeons of Doom Level 6 <- You were here History has recorded: On T:1 you entered the Dungeons of Doom to retrieve the Amulet of Yendor! On T:370 you reached level 2 of The Dungeons of Doom. On T:681 you reached level 3 of The Dungeons of Doom. On T:769 you advanced to experience level 2. On T:996 you advanced to experience level 3. On T:1096 you reached level 4 of The Dungeons of Doom. On T:1401 you advanced to experience level 4. On T:1473 you reached level 5 of The Dungeons of Doom. On T:1769 you reached level 6 of The Dungeons of Doom. On T:2339 you advanced to experience level 5. On T:2509 you reached level 7 of The Dungeons of Doom. On T:2937 you advanced to experience level 6. On T:3217 you reached level 1 of The Gnomish Mines. On T:3225 you reached level 2 of The Gnomish Mines. Score breakdown: Gold: 1411 (10714 points) Experience: 6 levels (12456 points) Exploration: 7 levels ( 14.29%) (10606 points) Discoveries: 5 items ( 2.01%) ( 4251 points) Valuables value: (no points given unless you survive) Artifact value: 0 ( 0 points) Variety of kills: 43 monsters ( 11.32%) (10091 points) Turncount: 3728 turns ( -920 points) Survival: died (score multiplied by 80%) Total score: 37758 Latest messages: You hit the Woodland-elf. The Woodland-elf thrusts his elven spear at you. The Woodland-elf hits! You hit the Woodland-elf. The Woodland-elf thrusts his elven spear at you. The Woodland-elf misses. You hit the Woodland-elf. The Woodland-elf thrusts his elven spear at you. The Woodland-elf hits! The large dog drops a crossbow. You kill the Woodland-elf! The Woodland-elf picks up a few items from the floor. You hit the Woodland-elf. The Woodland-elf wields an elven broadsword! You hit the Woodland-elf. The large dog picks up a crossbow. The Woodland-elf swings her elven broadsword at you. The Woodland-elf hits! You hit the Woodland-elf. The Woodland-elf swings her elven broadsword at you. The Woodland-elf hits! You die... Final status: Farvel Pip the Valkyrie, killed by a Woodland-elf... You died in The Gnomish Mines on dungeon level 6 with 37758 points, and 1411 pieces of gold, after 3728 moves. You were level 6 with a maximum of 64 hit points when you died.